 Seeded DCSS version 0.27.1-35-g4d5d836560 (webtiles) character file.

Game seed: 4 (custom seed)

39 xaos the Ruffian (level 3, 0/31 HPs)
             Began as a Ghoul Monk on Mar 31, 2022.
             Was an Initiate of Ru.
             Slain by an orc (6 damage)
             ... on level 2 of the Dungeon.
             The game lasted 00:09:02 (1222 turns).

xaos the Ruffian (Ghoul Monk)                       Turns: 1222, Time: 00:09:03

Health: 0/31       AC:  5    Str: 15    XL:     3   Next: 45%
Magic:  2/2        EV: 11    Int:  5    God:    Ru [......]
Gold:   25         SH:  0    Dex: 11    Spells: 2/2 levels left

rFire    . . .     SeeInvis .   h - +0 spear
rCold    + . .     Faith    .   (no shield)
rNeg     + + +     Spirit   .   l - +0 ring mail
rPois    ∞         Reflect  .   (no helmet)
rElec    .         Harm     .   (no cloak)
rCorr    .         Rampage  .   (no gloves)
Will     .....                  (no boots)
Stlth    +.........             (no amulet)
HPRegen  0.00/turn              (no ring)
MPRegen  0.08/turn              (no ring)

@: inhibited regen
A: claws 1, cold resistance 1, negative energy resistance 3, inhibited
regeneration, torment resistance 2
a: Renounce Religion, Sacrifice a Hand, Sacrifice Arcana, Sacrifice Artifice,
Reject Sacrifices


You were on level 2 of the Dungeon.
You worshipped Ru.
Ru was noncommittal.
You visited 1 branch of the dungeon, and saw 2 of its levels.

You collected 25 gold pieces.

Inventory:

Hand Weapons
 f - a +0 hunting sling
 h - a +0 spear (weapon)
Missiles
 c - 22 stones (quivered)
Armour
 a - a +0 robe
 l - a +0 ring mail (worn)
Scrolls
 i - a scroll of fear
Potions
 g - a potion of lignification {unknown}
 m - a potion of brilliance {unknown}


   Skills:
 + Level 3.4 Fighting
 + Level 3.0 Dodging
 + Level 2.9 Stealth
 + Level 4.0 Unarmed Combat


You had 2 spell levels left.
You didn't know any spells.
Your spell library contained the following spells:

 Spells                   Type           Power      Damage    Failure   Level
 Call Canine Familiar     Summ           0%         N/A       97%         3
 Ozocubu's Armour         Ice            0%         N/A       97%         3
 Portal Projectile        Hex/Tloc       0%         N/A       97%         3
 Leda's Liquefaction      Hex/Erth       0%         N/A       100%        4
 Metabolic Englaciation   Hex/Ice        0%         N/A       100%        5
 Simulacrum               Ice/Necr       0%         N/A       100%        6


Dungeon Overview and Level Annotations

Branches:
Dungeon (2/15)

Altars:
Ru

Shops:
D:1 :


Innate Abilities, Weirdness & Mutations

You thrive by killing the living.
You are immune to poison.
You have sharp fingernails.
Your flesh is cold resistant. (rC+)
You are immune to negative energy. (rN+++)
You do not regenerate when monsters are visible.
You are immune to unholy pain and torment.


Message History

You see here a +0 hunting sling.
An endoplasm comes into view.
The orc barely misses you.
You hit the orc.
The orc is lightly wounded.
The orc hits you with a +0 hand axe.
You hit the orc but do no damage.
The orc is lightly wounded.
The orc hits you with a +0 hand axe.
You closely miss the orc.
The orc is lightly wounded.
The orc misses you.
You closely miss the orc.
The orc is lightly wounded.
The orc hits you with a +0 hand axe.
The endoplasm hits you but does no damage.
You completely miss the endoplasm. The orc hits you but does no damage.
The endoplasm freezes you.
You are frozen.
You resist.
You hit the orc.
The orc is heavily wounded.
The orc hits you with a +0 hand axe.
* * * LOW HITPOINT WARNING * * *
The endoplasm hits you but does no damage.
You see here a +0 hunting sling.
You see here a hobgoblin corpse.
The orc barely misses you.
The endoplasm jiggles.
The orc hits you but does no damage.
There is an open door here.
There is an open door here.
You open the door. The orc hits you with a +0 hand axe.
* * * LOW HITPOINT WARNING * * *
The endoplasm hits you but does no damage.
There is an open door here.
You hit the endoplasm.
The endoplasm is severely wounded.
The orc hits you with a +0 hand axe.
You die...

##### †...##
###..# ###+
##.######
##..++++ #.J....#
#...+'_+
######.###..J@'++
#..##...+o+++#
##...........#
####.......##
#...††..#
#....<..#
#########


You could see an orc and an endoplasm.

Vanquished Creatures
  An adder (D:2)
  A dart slug (D:1)
  4 endoplasms (D:1)
  3 giant cockroaches (D:1)
  2 goblins (D:1)
  2 hobgoblins (D:2)
  3 kobolds (D:1)
  A quokka (D:1)
  4 ball pythons
  A bat (D:1)
  2 frilled lizards
  3 rats (D:1)
27 creatures vanquished.

Notes
Turn   | Place    | Note
-------+----------+-------------------------------------------
     0 | D:1      | xaos the Ghoul Monk began the quest for the Orb.
     0 | D:1      | Reached XP level 1. HP: 19/19 MP: 0/0
   119 | D:1      | Reached XP level 2. HP: 26/26 MP: 1/1
   285 | D:1      | Found Zoablof's Book Boutique.
   512 | D:1      | Reached XP level 3. HP: 30/31 MP: 2/2
  1139 | D:2      | Found a faded altar of an unknown god.
  1144 | D:2      | Became a worshipper of Ru the Awakened
  1171 | D:2      | Reached skill level 4 in Unarmed Combat
  1222 | D:2      | Slain by an orc

Illustrated notes

Levels and vault maps discovered:
D:1:      tarquinn_simple_flora_water_c, layout_loops_ring, serial_shops, shop,
          kennysheep_minor_cross
D:2:      layout_rooms, hellmonk_ecumenical_altar_heavens_door

Skill      XL: |  1  2  3 |
---------------+----------+-----
Dodging        | 3 |  3.0
Unarmed Combat | 4 |  4.0
Fighting       | |  3.4
Stealth        | |  2.9

Action                   || total
-------------------------++-------
Melee: Unarmed           ||    58
       Punch             ||     1
       Spear             ||    27
 Fire: Hunting sling     ||     1
Throw: Stone             ||     6
  Use: Scroll            ||     1
 Stab: Sleeping          ||     2
Armor: Robe              ||     8
       Ring mail         ||    19
Dodge: Dodged            ||    50
